 Dungeon Crawl Stone Soup version 0.16-a0-3338-g714714c (webtiles) character file.

171 celem the Insei (level 5, -8/36 HPs)
             Began as an Octopode Monk on Dec 28, 2014.
             Mangled by yuleCrawler's ghost (14 damage)
             ... in a sewer.
             The game lasted 00:06:29 (2812 turns).

celem the Insei (Octopode Monk)                     Turns: 2812, Time: 00:06:29

Health: -8/36      AC:  1    Str: 10    XL:     5   Next: 51%
Magic:  5/5        EV: 13    Int: 12    God:
Gold:   163        SH:  0    Dex: 16    Spells: 0 memorised, 4 levels left

rFire  . . .     SeeInvis .       - Unarmed
rCold  . . .     Clarity  .     (no shield)
rNeg   . . .     SustAb   .     (helmet restricted)
rPois  .         Gourm    .     (no amulet)
rElec  .         Spirit   .     (no ring)
rCorr  .         Warding  .     (no ring)
rMut   .         Stasis   .     (no ring)
MR     .....                    (no ring)
Stlth  ++++......               (no ring)
                                (no ring)
                                (no ring)
                                (no ring)

@: not resistant to hostile enchantments, stealthy
A: almost no armour, amphibious, 8 rings, constrict 8, camouflage 1, gelatinous
body 1
a: no special abilities


You were in a sewer.
You were not hungry.

You visited 1 branch of the dungeon, and saw 4 of its levels.
You also visited: Sewer.

You collected 163 gold pieces.

Inventory:

Magical staves
 n - an uncursed staff of death
Jewellery
 l - an uncursed ring of fire {unknown}
Magical devices
 j - a wand of polymorph (10)
 v - a wand of teleportation (7)
Scrolls
 a - 5 scrolls of identify {unknown}
 e - 3 scrolls of remove curse {unknown}
 f - a scroll of teleportation {unknown}
 h - a scroll of amnesia {unknown}
 o - a scroll of fear {unknown}
 r - a scroll of noise {unknown}
 s - a scroll of fog {unknown}
 t - a scroll of magic mapping {unknown}
 x - 2 scrolls of blinking {unknown}
Potions
 c - 2 potions of invisibility {unknown}
 d - 4 potions of curing {unknown}
 g - a potion of agility {unknown}
 k - a potion of beneficial mutation {unknown}
 m - a potion of heal wounds {unknown}
 p - a potion of lignification {unknown}
 q - a potion of poison {unknown}
 w - a potion of might {unknown}
Comestibles
 b - 2 bread rations
 i - a royal jelly
 u - a meat ration
 z - 4 fruits


   Skills:
 - Level 3.0 Fighting
 - Level 3.0 Dodging
 + Level 5.0 Stealth
 + Level 5.9 Unarmed Combat


You had 4 spell levels left.
You didn't know any spells.

Dungeon Overview and Level Annotations

Branches:
Dungeon (4/15)
 Temple: D:4-7

Altars:
Fedhas
The Shining One

Annotations:
Sewer yuleCrawler's ghost, average FoFi


Innate Abilities, Weirdness & Mutations

You cannot wear most types of armour.
You are amphibious.
You can wear up to eight rings at the same time.
You can use your tentacles to constrict many enemies at once.
Your skin changes colour to match your surroundings (Stealth).
Your rubbery body absorbs attacks (AC +1).


Message History

* * * LOW HITPOINT WARNING * * *
Your attempt to break free from the ball python fails, but you feel that another attempt might succeed.
The ball python closely misses you.
* * * LOW HITPOINT WARNING * * *
The ball python constricts you. YuleCrawler's ghost closely misses you.
The giant newt barely misses you.
You escape the ball python's grasp.
You see here a chunk of flesh.
You tentacle-slap yuleCrawler's ghost.
YuleCrawler's ghost is lightly damaged.
YuleCrawler's ghost barely misses you.
You see here a giant newt skeleton.
You barely miss yuleCrawler's ghost.
You squeeze yuleCrawler's ghost, but do no damage.
YuleCrawler's ghost is lightly damaged.
You tentacle-slap the giant newt. Your grab misses the giant newt.
The giant newt is severely wounded.
The giant newt barely misses you. YuleCrawler's ghost hits you!
You die...

#≈# #.# #%# #≈# #≈# #S# #≈#
#######.###################
.≈≈.≈≈≈≈SlW@≈....≈≈.....≈.≈≈
...≈≈..≈S≈≈≈.≈.≈.≈≈.≈≈≈≈.≈≈
#######################≈###
#.###.# ##.#.## ######..#
#.#.#..## ##.##.#.##
#.#.###.#


You could see yuleCrawler's ghost, 2 ball pythons and a giant newt.

Vanquished Creatures
  A hound skeleton (D:4)
  A worker ant zombie (D:4)
  3 adders
  3 river rats
  2 worms (D:3)
  3 giant mites
  2 giant geckos
  An orc (D:4)
  A bat zombie (D:4)
  3 giant cockroaches
  8 hobgoblins
  2 jackals (D:3)
  3 ball pythons
  6 bats
  A giant cockroach zombie (D:4)
  A giant gecko zombie (D:4)
  8 giant newts
  8 goblins
  6 kobolds
  4 rats
67 creatures vanquished.

Notes
Turn   | Place    | Note
--------------------------------------------------------------
     0 | D:1      | celem, the Octopode Monk, began the quest for the Orb.
     0 | D:1      | Reached XP level 1. HP: 16/16 MP: 1/1
   143 | D:1      | Reached XP level 2. HP: 15/21 MP: 2/2
   531 | D:1      | Found a glowing golden altar of the Shining One.
   815 | D:2      | Reached skill level 5 in Unarmed Combat
   815 | D:2      | Reached XP level 3. HP: 18/26 MP: 3/3
  1486 | D:3      | Reached XP level 4. HP: 22/31 MP: 4/4
  1808 | D:3      | Found a blossoming altar of Fedhas.
  2394 | D:4      | Reached XP level 5. HP: 12/36 MP: 5/5
  2549 | D:4      | Found a glowing drain.
  2625 | Sewer    | Entered a sewer
  2782 | Sewer    | Reached skill level 5 in Stealth
  2788 | Sewer    | Noticed yuleCrawler's ghost (average FoFi)
  2812 | Sewer    | Mangled by yuleCrawler's ghost

Action                   |  1- 3 |  4- 6 || total
-------------------------+-------+-------++-------
Melee: Unarmed           |    71 |    86 ||   157
 Stab: Sleeping          |     8 |     9 ||    17
  Eat: Chunk             |     2 |     4 ||     6
